 Dungeon Crawl Stone Soup version 0.17.0-26-gececa24 (console) character file.

20 gw the Cutter (level 2, 0/24 HPs)
             Began as a Vine Stalker Berserker on Nov 20, 2015.
             Was a Follower of Trog.
             Slain by a gnoll
             ... wielding a +0 flail
              (9 damage)
             ... on level 2 of the Dungeon.
             The game lasted 00:00:38 (971 turns).

gw the Cutter (Vine Stalker Berserker)               Turns: 971, Time: 00:00:38

Health: 0/24       AC:  3    Str: 24      XL:     2   Next: 79%
Magic:  0/3        EV: 12    Int:  4 (7)  God:    Trog [*.....]
Gold:   65         SH:  0    Dex: 13      Spells: 0 memorised, 1 level left

rFire  + . .     SeeInvis .     a - +0 short sword
rCold  . . .     Clarity  .     b - +0 animal skin
rNeg   . . .     SustAt   .     (no shield)
rPois  .         Gourm    .     (no helmet)
rElec  .         Spirit   +     (no cloak)
rCorr  .         Warding  .     (no gloves)
rMut   .         Rnd*Tele +     n - +0 pair of boots {Fly}
MR     .....                    (no amulet)
Stlth  ..........               o - ring of protection from fire
                                h - ring of teleportation (curse)

@: berserking, flying, very quick, not resistant to hostile enchantments,
extremely unstealthy
A: fangs 2, regeneration 1, magic shield, antimagic bite, no device heal 3, rot
immunity
a: Berserk, Burn Spellbooks, Renounce Religion, Stop Flying, Evoke Teleportation


You were on level 2 of the Dungeon.
You worshipped Trog.
Trog was aware of your devotion.
You were not hungry.

You visited 1 branch of the dungeon, and saw 2 of its levels.

You collected 65 gold pieces.

Inventory:

Hand Weapons
 a - a +0 short sword (weapon)
Missiles
 e - 64 stones (quivered)
 i - 34 poisoned needles
Armour
 b - a +0 animal skin (worn)
 n - a +0 pair of boots of flying (worn)
Jewellery
 h - a cursed ring of teleportation (left hand)
 o - a ring of protection from fire (right hand)
Potions
 d - a potion of magic {unknown}
 g - a potion of agility
Comestibles
 c - a bread ration
 m - a meat ration


   Skills:
 + Level 2.9 Fighting
 * Level 3.1 Short Blades
 + Level 0.6 Throwing
 - Level 1.5 Armour
 + Level 1.8 Dodging


You had one spell level left.
You didn't know any spells.

Dungeon Overview and Level Annotations

Branches:
Dungeon (2/15)

Altars:


Innate Abilities, Weirdness & Mutations

You have extremely sharp teeth.
Your natural rate of healing is unusually fast.
When hurt, damage is shared between your health and your magic reserves.
Your bite disrupts and absorbs the magic of your enemies.
Potions and wands cannot restore your health.
You are immune to rotting.


Message History

Throwing (i - inventory):
e - 65 stones (quivered)
Press: ? - help, Shift-Dir - straight line, f - gnoll
Aim: a gnoll (hasn't noticed you)
You throw a stone. The stone barely misses the gnoll.
The gnoll shouts!
MOVING TO (-3,7)
A rat comes into view.
Found a short sword.
ATTACK MOVE TO (0,1)
You completely miss the gnoll. The gnoll hits you with a flail!
Ouch! That really hurt!
The gnoll hits you but does no damage. The gnoll hits you with a flail.
Mmm...
Peppers.
A red film seems to cover your vision as you go berserk!
You feel yourself moving faster!
You feel mighty!
You feel somewhat more hungry.
The hobgoblin shouts!
The gnoll barely misses you.
The gnoll hits you from afar with a spear.
The gnoll hits you with a flail!
You die...

#......)############..####
#.........................
#......##...#####.........
#......#.##..####.........
.....###...##..............
#.... ##.####..=#####.####
..... #.## #....<.# .# ..
#..# #.####.# .# #.f# #.#
.... #....gg# #.# ...
......#g# #.# .. ....#....
... . ##....r.g...
##>.(#... #S#......
..)......


You could see 3 gnolls, an adder, a hobgoblin and a rat.

Table legend:
 A = Turns spent in this place as a percentage of turns spent in the entire game.
 B = Non-inter-level travel turns spent in this place as a percentage of non-inter-level travel turns spent in the entire game.
 C = Inter-level travel turns spent in this place as a percentage of turns spent in this place.
 D = Turns resting spent in this place as a percentage of non-inter-level travel turns spent in this place.
 E = Turns spent auto-exploring this place as a percentage of non-inter-level travel turns spent in this place.
 F = Non-inter-level travel turns spent in this place divided by the number of levels of this place that you've seen.
                   A       B       C       D       E      F
               +-------+-------+-------+-------+-------+----------------------
         Total | 100.0 | 100.0 |   0.1 |   1.1 |   3.2 | 761.5
       Dungeon | 100.0 | 100.0 |   0.1 |   1.1 |   3.2 | 761.5
               +-------+-------+-------+-------+-------+----------------------

Table legend:
 A = Kills in this place as a percentage of kills in entire the game.
 B = Kills by you in this place as a percentage of kills by you in the entire game.
 C = Kills by friends in this place as a percentage of kills by friends in the entire game.
 D = Other kills in this place as a percentage of other kills in the entire game.
 E = Experience gained in this place as a percentage of experience gained in the entire game.
 F = Experience gained in this place divided by the number of levels of this place that you have seen.
                   A       B       C       D       E      F
               +-------+-------+-------+-------+-------+----------------------
         Total | 100.0 | 100.0 |  -nan |  -nan | 100.0 |  14.5
       Dungeon | 100.0 | 100.0 |  -nan |  -nan | 100.0 |  14.5
               +-------+-------+-------+-------+-------+----------------------

Vanquished Creatures
  3 goblins (D:1)
  3 hobgoblins
  5 kobolds
  5 bats
  A giant cockroach (D:1)
  2 rats
19 creatures vanquished.

Notes
Turn   | Place    | Note
--------------------------------------------------------------
     0 | D:1      | gw the Vine Stalker Berserker began the quest for the Orb.
     0 | D:1      | Reached XP level 1. HP: 11/11 MP: 2/2
   177 | D:1      | Reached XP level 2. HP: 13/16 MP: 3/3
   505 | D:1      | Reached skill level 3 in Short Blades
   971 | D:2      | Slain by a gnoll

Action                   || total
-------------------------++-------
Melee: Short sword       ||    48
Throw: Stone             ||    13
Invok: Berserk           ||     2
  Use: Potion            ||     4
       Scroll            ||     1
 Stab: Sleeping          ||     1
  Eat: Pizza             ||     1

Vault maps used:
D:1:      saegor_arrival_simple_d, roderic_st_hans_cross
D:2:      old_standard_altar
